 Dungeon Crawl Stone Soup version 0.22.1-1-ga44c0e5 (webtiles) character file.

3430 Lauz the Thaumaturge (level 9, -2/45 HPs)
             Began as a Deep Elf Fire Elementalist on Nov 2, 2018.
             Was a Believer of Vehumet.
             Hit by a javelin thrown by Urug (4 damage)
             ... on level 1 of the Lair of Beasts.
             The game lasted 00:47:03 (10512 turns).

Lauz the Thaumaturge (Deep Elf Fire Elementalist)  Turns: 10512, Time: 00:47:04

Health: -2/45      AC:  3    Str:  5    XL:     9   Next: 77%
Magic:  21/25      EV: 14    Int: 24    God:    Vehumet [**....]
Gold:   561        SH:  0    Dex: 15    Spells: 12/28 levels left

rFire    + . .     SeeInvis .   g - +0 dagger
rCold    . . .     Gourm    .   (no shield)
rNeg     . . .     Faith    .   a - +0 robe
rPois    +         Spirit   .   (no helmet)
rElec    .         Reflect  .   n - +0 cloak
rCorr    .         Harm     .   (no gloves)
MR       .....                  (no boots)
Stlth    ++........             (no amulet)
HPRegen  0.15/turn              q - ring of poison resistance
MPRegen  0.19/turn              w - ring of protection from fire

@: about to teleport
A: no striking features
a: Renounce Religion


You were on level 1 of the Lair of Beasts.
You worshipped Vehumet.
Vehumet was pleased with you.
You were not hungry.

You visited 3 branches of the dungeon, and saw 10 of its levels.

You collected 561 gold pieces.

Inventory:

Hand Weapons
 g - a +0 dagger (weapon)
Armour
 a - a +0 robe (worn)
 n - a +0 cloak (worn)
Jewellery
 q - a ring of poison resistance (left hand)
 w - a ring of protection from fire (right hand)
Wands
 u - a wand of iceblast (19)
 E - a wand of clouds (2)
 F - a wand of paralysis (7)
Scrolls
 j - 2 scrolls of noise
 k - 10 scrolls of identify {unknown}
 m - a scroll of amnesia {unknown}
 o - a scroll of enchant armour {unknown}
 t - a scroll of fog {unknown}
 v - 4 scrolls of remove curse
 y - 3 scrolls of torment {unknown}
 B - 3 scrolls of random uselessness {unknown}
 D - a scroll of enchant weapon {unknown}
Potions
 d - a potion of mutation {unknown}
 e - a potion of magic {unknown}
 f - 2 potions of brilliance {unknown}
 h - 2 potions of lignification {unknown}
 i - 2 potions of might {unknown}
 l - a potion of experience {unknown}
 p - 2 potions of heal wounds {unknown}
 s - a potion of flight {unknown}
 x - 3 potions of curing
 z - a potion of cancellation {unknown}
 A - a potion of haste
 C - 2 potions of berserk rage {unknown}
 H - a potion of degeneration {unknown}
Comestibles
 c - 12 rations
 G - a chunk of flesh


   Skills:
 + Level 3.5 Dodging
 - Level 2.4 Stealth
 + Level 10.2 Spellcasting
 * Level 9.9 Conjurations
 + Level 8.5 Fire Magic


You had 12 spell levels left.
You knew the following spells:

 Your Spells              Type           Power        Failure   Level  Hunger
a - Flame Tongue          Conj/Fire      #####        1%          1    None
b - Conjure Flame         Conj/Fire      ######..     1%          3    None
c - Sticky Flame          Conj/Fire      ######..     1%          4    #......
d - Fireball              Conj/Fire      ######....   3%          5    ####...
e - Mephitic Cloud        Conj/Pois/Air  ####....     4%          3    None

Your spell library contained the following spells:

 Spells                   Type           Power        Failure   Level  Hunger
 Throw Frost              Conj/Ice       #####.       1%          2    None
 Throw Flame              Conj/Fire      ######       1%          2    None
 Inner Flame              Hex/Fire       ####....     2%          3    None
 Poisonous Vapours        Pois/Air       ##....       8%          2    None
 Freezing Cloud           Conj/Ice/Air   ####......   90%         6    ######.
 Ring of Flames           Chrm/Fire      ####......   100%        7    #######


Dungeon Overview and Level Annotations

Branches:
Dungeon (8/15)             Temple (1/1) D:4            Lair (1/6) D:8

Altars:
Ashenzari
Cheibriados
Dithmenos
Gozag
Hepliaklqana
Kikubaaqudgha
Makhleb
Nemelex Xobeh
Okawaru
Qazlal
Ru
Sif Muna
Uskayaw
Vehumet
Wu Jian
Xom
Yredelemnul
Zin
The Shining One
Lugonu

Annotations:
D:7 1 runed door
Lair:1 Urug


Message History

* * * LOW HITPOINT WARNING * * *
The hippogriff closely misses you.
The hippogriff burns!
The hippogriff burns!
You kill the hippogriff!
Vehumet accepts your kill.
You feel your power returning.
As you read the scroll of fear, it crumbles to dust.
You assume a fearsome visage.
The yak looks frightened! x3
Urug the Orcish Ballista comes into view.
She is wielding an enchanted halberd.
Urug shouts!
As you read the scroll of teleportation, it crumbles to dust.
You feel strangely unstable.
Urug throws a javelin.
The javelin hits you!
* * * LOW HITPOINT WARNING * * *
Casting: Sticky Flame (safe; 1% risk of failure)
Confirm with . or Enter, or press ? or * to list all spells.
You can't see any susceptible monsters within range! (Use Z to cast anyway.)
Okay, then.
Urug throws a javelin.
The javelin hits you.
You die...

##...#....................
#......................
#####.................
....................o.
##..................
##P....##P.......P...
.#......##............
..............(.......
....##.......@........ ...
##............... ..
#............... #
####...............
#..................
##.......#..........
#..........†........ ###
##...................
#.###...................


You could see Urug.

Vanquished Creatures
  Grinder (D:6)
  A hippogriff (Lair:1)
  Sigmund (D:2)
  A hungry ghost (D:7)
  A water moccasin (Lair:1)
  3 ice beasts
  2 orc warriors
  A sky beast (D:5)
  2 black bears
  A phantom (D:8)
  3 ogres
  2 centaurs
  2 big kobolds (D:8)
  4 bullfrogs
  A scorpion (D:6)
  A centaur skeleton (D:6)
  3 hounds (D:5)
  4 orc wizards
  5 orc priests
  An iguana (D:6)
  Jessica (D:2)
  3 worker ants (D:5)
  A killer bee zombie (D:7)
  A hound zombie (D:6)
  A hound skeleton (D:7)
  A howler monkey zombie (D:8)
  Robin (D:3)
  A howler monkey skeleton (D:8)
  20 gnolls
  9 adders
  2 shadow imps
  4 adder skeletons
  3 worms
  2 dart slugs (D:1)
  3 leopard geckos
  16 orcs
  A ball python (D:4)
  6 bats
  8 giant cockroaches
  10 goblins
  15 hobgoblins
  17 kobolds
  6 quokkas
  7 frilled lizards
  6 rats
  A spectral orc (D:4)
186 creatures vanquished.

Vanquished Creatures (others)
  A black bear (D:6)
  An adder skeleton (D:6)
2 creatures vanquished.

Grand Total: 188 creatures vanquished

Notes
Turn   | Place    | Note
-------+----------+-------------------------------------------
     0 | D:1      | Lauz the Deep Elf Fire Elementalist began the quest for the
                  | Orb.
     0 | D:1      | Reached XP level 1. HP: 10/10 MP: 6/6
   177 | D:1      | Found a snail-covered altar of Cheibriados.
   181 | D:1      | Reached XP level 2. HP: 15/15 MP: 6/8
   985 | D:2      | Found a glowing golden altar of the Shining One.
   985 | D:2      | Found a hide-covered altar of Uskayaw.
  1052 | D:2      | Reached XP level 3. HP: 16/19 MP: 2/9
  1126 | D:2      | Noticed Jessica
  1132 | D:2      | Learned a level 3 spell: Conjure Flame
  1136 | D:2      | Killed Jessica
  1251 | D:2      | Reached XP level 4. HP: 22/24 MP: 4/11
  1881 | D:2      | Reached skill level 4 in Spellcasting
  2029 | D:2      | Noticed Sigmund
  2484 | D:3      | Noticed Robin
  2495 | D:3      | Killed Robin
  2698 | D:3      | Learned a level 4 spell: Sticky Flame
  2707 | D:3      | Reached XP level 5. HP: 28/28 MP: 10/13
  3429 | D:3      | Reached skill level 5 in Fire Magic
  3729 | D:4      | Reached skill level 5 in Spellcasting
  3898 | D:4      | Reached XP level 6. HP: 32/32 MP: 8/15
  4272 | D:4      | Found a basalt altar of Yredelemnul.
  4297 | D:4      | Found a staircase to the Ecumenical Temple.
  4307 | Temple   | Entered the Ecumenical Temple
  4322 | Temple   | Became a worshipper of Vehumet
  4667 | D:5      | Entered Level 5 of the Dungeon
  4943 | D:5      | Found a sacrificial altar of Ru.
  4990 | D:5      | Reached skill level 6 in Spellcasting
  4990 | D:5      | Reached skill level 5 in Conjurations
  4990 | D:5      | Reached XP level 7. HP: 36/36 MP: 5/18
  5099 | D:5      | Found a stormy altar of Qazlal.
  5101 | D:5      | Noticed a fire elemental
  5680 | D:5      | Noticed an air elemental
  5680 | D:5      | Noticed a water elemental
  5764 | D:5      | Reached * piety under Vehumet
  5764 | D:5      | Offered knowledge of Sandblast by Vehumet.
  6336 | D:6      | Reached skill level 7 in Spellcasting
  6336 | D:6      | Reached XP level 8. HP: 41/41 MP: 11/20
  6734 | D:6      | Learned a level 5 spell: Fireball
  7312 | D:6      | Noticed Grinder
  7333 | D:6      | Killed Grinder
  7333 | D:6      | Reached skill level 8 in Spellcasting
  8467 | D:2      | Found a deep blue altar of Sif Muna.
  8562 | D:2      | Killed Sigmund
  8562 | D:2      | Reached XP level 9. HP: 37/45 MP: 11/23
  9215 | D:7      | Found a runed door.
  9215 | D:7      | Noticed a sixfirhy
  9389 | D:8      | Reached skill level 9 in Spellcasting
  9468 | D:8      | Found an ancient bone altar of Kikubaaqudgha.
  9469 | D:8      | Found a shimmering altar of Xom.
  9469 | D:8      | Found an ornate altar of the Wu Jian Council.
  9470 | D:8      | Found an opulent altar of Gozag.
  9471 | D:8      | Found a shattered altar of Ashenzari.
  9473 | D:8      | Offered knowledge of Throw Frost by Vehumet.
  9477 | D:8      | Reached ** piety under Vehumet
  9899 | D:8      | Found a staircase to the Lair.
  9991 | D:8      | Learned a level 3 spell: Mephitic Cloud
 10153 | D:8      | Reached skill level 10 in Spellcasting
 10281 | Lair:1   | Entered Level 1 of the Lair of Beasts
 10509 | Lair:1   | Noticed Urug
 10511 | Lair:1   | HP: 2/45 [Urug/javelin (11)]
 10512 | Lair:1   | Hit by a javelin thrown by Urug

Skill      XL: |  1  2  3  4  5  6  7  8  9 |
---------------+----------------------------+-----
Fire Magic     | 4 5 6 7 8 |  8.5
Conjurations   | 2 4 5 6 8 9 |  9.9
Spellcasting   | 4 5 6 7 8 10 | 10.2
Dodging        | 3 |  3.5
Stealth        | |  2.4

Action                   |  1- 3 |  4- 6 |  7- 9 || total
-------------------------+-------+-------+-------++-------
Melee: Dagger            |       |       |    29 ||    29
 Cast: Flame Tongue      |    45 |   137 |   209 ||   391
       Conjure Flame     |       |     5 |    12 ||    17
       Sticky Flame      |       |     6 |    19 ||    25
       Fireball          |       |       |    12 ||    12
  Use: Scroll            |       |     5 |     3 ||     8
  Eat: Chunk             |     1 |    10 |    13 ||    24
       Ration            |       |     1 |     2 ||     3
Armor: Robe              |       |     6 |    23 ||    29
Dodge: Dodged            |    10 |    12 |    70 ||    92
